 Dungeon Crawl Stone Soup version 0.31.0-11-ge490571c62 (webtiles) character file.

Game seed: 5450140528833922003

514 SnakkuSnakku7 the Changeling (level 7, -1/50 HPs)
             Began as a Djinni Chaos Knight on Jan 28, 2024.
             Was a Plaything of Xom.
             Slain by a wyvern (5 damage)
             ... on level 7 of the Dungeon.
             The game lasted 00:05:54 (3289 turns).

SnakkuSnakku7 the Changeling (Djinni Chaos Knight)  Turns: 3289, Time: 00:05:55

Health: -1/50      AC:  9    Str: 13    XL:     7   Next: 44%
Gold:   312        EV: 12    Int: 13    God:    Xom [..*...] SH:  0 Dex: 13

rFire   + + .        a - +0 flail
rCold   x . .        (no shield)
rNeg    . . .        b - +2 leather armour
rPois   ∞            (helmet restricted)
rElec   .            (no cloak)
rCorr   .            (no gloves)
SInv    +            (boots unavailable)
Will    .....        (no amulet)
Stlth   +            h - ring of see invisible
HPRegen 0.28/turn    w - +4 ring of protection
MPRegen 0.00/turn

%: clarity, infuse magic (-2 HP)
@: flying
A: sickness immunity, fire resistance 2, cold vulnerability 1, float, innate
caster, HP casting, extra vitality 1, beak, clarity, noise suppression
a: Renounce Religion


You were on level 7 of the Dungeon.
You worshipped Xom.
You were a toy of Xom.
You visited 1 branch of the dungeon, and saw 7 of its levels.

You collected 312 gold pieces.

Inventory:

Hand Weapons
 a - a +0 flail (weapon)
 f - a +0 mace of chaos
Armour
 b - a +2 leather armour (worn)
 z - a +0 helmet
Jewellery
 h - a ring of see invisible (left hand)
 k - a ring of positive energy
 s - a ring of wizardry
 w - a +4 ring of protection (right hand)
Talismans
 l - a flux talisman
Scrolls
 c - a scroll of enchant armour {unknown}
 d - a scroll of vulnerability {unknown}
 o - a scroll of summoning {unknown}
 p - a scroll of amnesia {unknown}
 v - 2 scrolls of immolation {unknown}
 y - a scroll of noise {unknown}
 A - a scroll of revelation {unknown}
Potions
 e - a potion of berserk rage {unknown}
 j - a potion of resistance {unknown}
 m - 3 potions of curing {unknown}
 q - a potion of lignification
 r - a potion of brilliance {unknown}
 t - a potion of enlightenment {unknown}
 x - a potion of haste {unknown}
 B - a potion of might {unknown}


   Skills:
 - Level 3.0 Fighting
 - Level 3.4 Maces & Flails
 - Level 1.0 Armour
 - Level 2.1 Dodging
 + Level 1.2 Unarmed Combat
 + Level 5.3 Shapeshifting


You knew the following spells:

 Your Spells              Type           Power      Damage    Failure   Level
a - Magic Dart            Conj           0%         1d3       36%         1
b - Static Discharge      Conj/Air       0%         3-3/arc   52%         2
c - Hailstorm             Conj/Ice       0%         3d5       75%         3
Your spell library was empty.

Dungeon Overview and Level Annotations

Branches:
Dungeon (8/15)
 Temple: D:4-7         Lair: D:8-11

Altars:
Ashenzari
Fedhas
Nemelex Xobeh
Okawaru
Ru
Trog
Wu Jian
Zin
The Shining One

Shops:
D:8 [

Annotations:
D:4 Eustachio


Innate Abilities, Weirdness & Mutations

You are immune to sickness and miasma.
You are immune to poison.
Your flesh is very heat resistant. (rF++)
You are vulnerable to cold. (rC-)
You float through the air rather than walking.
You learn spells naturally, not from books.
Your magical power is your life essence.
You have superior vitality. (+4 MHP)
You have a beak for a mouth.
You possess an exceptional clarity of mind.
You passively dampen the noise of your surroundings.


Message History

You kill the orc!
You hit the orc.
The orc is moderately wounded.
The orc closely misses you.
You hit the orc.
You kill the orc!
Items here: ))) [ ††.
Found a golden potion.
A wyvern and an orc come into view.
The wyvern hisses angrily.
The orc shouts!
The wyvern attacks as it pursues you! The wyvern bites you.
The wyvern barely misses you. The wyvern attacks as it pursues you!
The wyvern bites you.
There are monsters nearby!
Okay, then.
Unknown command.
You hit the wyvern. Your peck misses the wyvern.
The wyvern is lightly wounded.
The wyvern bites you!
The wyvern bites you but does no damage.
You completely miss the wyvern.
The wyvern is lightly wounded.
The wyvern bites you!
* * * LOW HITPOINT WARNING * * *
The wyvern barely misses you.
You closely miss the wyvern. You peck the wyvern.
The wyvern is moderately wounded.
The wyvern closely misses you. The wyvern barely misses you.
You sock the wyvern!
The wyvern is heavily wounded.
The wyvern bites you!
* * * LOW HITPOINT WARNING * * *
You don't have any such object.
Fire/throw/use which item? ([*] to toss any item) (? for menu, Esc to quit)
Okay, then.
As you read the scroll of fear, it crumbles to dust.
You assume a fearsome visage.
The wyvern resists with some effort.
The orc looks frightened!
The wyvern bites you.
You die...
Xom is highly amused!

..#######
........#
#......#
#......#
#......#
###.....o#
.........#
......!..#####
#........ok@.#
###
#......#####.##
#.. #......
#..# #.#
#...... ##.##
#.# ..#....
#..# #.# . .
#.... ##.####)#
... #....
#...##.# #..#
###....#...##
###.>.....#


You could see a wyvern and an orc (fleeing).

Vanquished Creatures
  An ogre (D:4)
  A scorpion (D:4)
  2 howler monkeys (D:8)
  Terence (D:2)
  Natasha (thrice) (D:3)
  Robin (D:3)
  4 adders
  2 ribbon worms
  18 orcs
  4 ball pythons (D:2)
  6 bats
  6 endoplasms
  2 giant cockroaches (D:1)
  11 goblins
  12 hobgoblins
  4 kobolds
  A quokka (D:1)
  4 frilled lizards
  5 rats (D:1)
88 creatures vanquished.

Vanquished Creatures (collateral kills)
  4 gnolls (D:2)
  An endoplasm (D:2)
  A hobgoblin (D:2)
  A rat (D:2)
7 creatures vanquished.

Grand Total: 95 creatures vanquished

Notes
Turn   | Place    | Note
-------+----------+-------------------------------------------
     0 | D:1      | SnakkuSnakku7 the Djinni Chaos Knight began the quest for
                  | the Orb.
     0 | D:1      | Reached XP level 1. HP: 20/20 MP: 0/0
    40 | D:1      | XOM: silly message
    56 | D:1      | Reached XP level 2. HP: 23/25 MP: 0/0
   200 | D:1      | Reached XP level 3. HP: 30/30 MP: 0/0
   200 | D:1      | Learned a level 1 spell: Magic Dart
   331 | D:1      | XOM: silly message
   442 | D:2      | Noticed Terence
   455 | D:2      | XOM: potion effect (haste)
   463 | D:2      | Killed Terence
   464 | D:2      | Reached skill level 1 in Shapeshifting
   464 | D:2      | Reached XP level 4. HP: 14/35 MP: 0/0
   611 | D:2      | Reached skill level 2 in Shapeshifting
   617 | D:2      | Reached XP level 5. HP: 29/40 MP: 0/0
   617 | D:2      | Learned a level 2 spell: Static Discharge
  1221 | D:2      | Found a faded altar of an unknown god.
  1321 | D:3      | Found a bloodstained altar of Trog.
  1322 | D:3      | Found a glowing silver altar of Zin.
  1322 | D:3      | Found an ornate altar of the Wu Jian Council.
  1323 | D:3      | Found a broken altar of Ashenzari.
  1323 | D:3      | Found a sparkling altar of Nemelex Xobeh.
  1487 | D:3      | XOM: enchant monster (good)
  1516 | D:3      | Reached skill level 3 in Shapeshifting
  1558 | D:3      | XOM: give mutations
  1558 | D:3      | Gained mutation: You have a beak for a mouth. [Xom's
                  | mischief]
  1558 | D:3      | Gained mutation: You have hidden genetic potential. [Xom's
                  | mischief]
  1591 | D:3      | Noticed Robin
  1637 | D:3      | Killed Robin
  1716 | D:3      | Noticed Natasha
  1724 | D:3      | Killed Natasha
  1725 | D:3      | Reached XP level 6. HP: 43/46 MP: 0/0
  1766 | D:3      | XOM: summons 2 friendly demons
  1914 | D:3      | Noticed Natasha
  1922 | D:3      | Killed Natasha
  1923 | D:3      | Reached skill level 4 in Shapeshifting
  1927 | D:3      | Gained mutation: You possess an exceptional clarity of
                  | mind. [hidden potential]
  2042 | D:3      | Noticed Natasha
  2048 | D:3      | XOM: divination: magic mapping
  2049 | D:3      | Killed Natasha
  2321 | D:4      | XOM: scenery: 2 doors open, 1 doors close
  2329 | D:4      | XOM: cloud trail
  2397 | D:4      | XOM: god gift: Trismegistus Codex
  2436 | D:4      | XOM: noise
  2453 | D:4      | Found a blossoming altar of Fedhas.
  2523 | D:4      | Found a glowing golden altar of the Shining One.
  2524 | D:4      | XOM: summons 3 hostile demons
  2525 | D:4      | Found a sacrificial altar of Ru.
  2765 | D:4      | Found an iron altar of Okawaru.
  2821 | D:4      | XOM: god gift: book of the Senses
  2863 | D:4      | Noticed an ogre
  2871 | D:4      | XOM: enchant monster (good)
  2874 | D:4      | Killed an ogre
  2875 | D:4      | Reached skill level 5 in Shapeshifting
  2875 | D:4      | Reached XP level 7. HP: 35/50 MP: 0/0
  2875 | D:4      | Learned a level 3 spell: Hailstorm
  2900 | D:4      | Gained mutation: You passively dampen the noise of your
                  | surroundings. [hidden potential]
  2900 | D:4      | Lost mutation: You have hidden genetic potential. [hidden
                  | potential expressed]
  2914 | D:4      | XOM: noise
  2926 | D:4      | Noticed Eustachio
  2933 | D:4      | XOM: cast spell 'Animate Armour'
  2951 | D:4      | XOM: smoke on damage
  2956 | D:4      | XOM: divination: detect items
  3003 | D:5      | Entered Level 5 of the Dungeon
  3217 | D:5      | You are sucked into a shaft and drop 3 floors!
  3235 | D:8      | Reached skill level 1 in Unarmed Combat
  3240 | D:8      | Found Kiwiw's Antique Armour Boutique.
  3278 | D:7      | Noticed a wyvern
  3289 | D:7      | Slain by a wyvern

Illustrated notes

Levels and vault maps discovered:
D:1:      dpeg_arrival_tiny_j, layout_rooms, minmay_unequal
D:2:      layout_loops_ring, shapermc_ecumenical_altar_mp_highgroup,
          minmay_gold_behind_fungi, columned_hall_lemuel,
          minmay_tree_intersection, minmay_fractal_squares_5, uniq_terence
D:3:      layout_basic, grunt_temple_overflow_open, grunt_ministairs_8,
          minmay_misc_feat_ornament, grunt_decor_junction,
          hangedman_decor_growths, kennysheep_path_1, mrwooster_statue_mirror,
          uniq_robin, uniq_natasha
D:4:      layout_loops_corners, okawaru_gym_becter,
          mainiacjoe_overflow_concentric_impassable,
          minmay_overflow_temple_star_quad, uniq_eustachio
D:5:      layout_basic, eat_drink_and_be_merry_uskayaw,
          gup_ossuary_entry_pyramid, uniq_ijyb
D:7:      layout_basic, serial_shops, shop
D:8:      layout_gridville, serial_shops, nicolae_stop_n_shop_2,
          chequers_guarded_unrand_ignorance

Skill      XL: |  1  2  3  4  5  6  7 |
---------------+----------------------+-----
Maces & Flails | 3 |  3.4
Shapeshifting  | 1 2 3 5 |  5.3
Unarmed Combat | 1 |  1.2
Fighting       | |  3.0
Armour         | |  1.0
Dodging        | |  2.1

Action                     |  1- 3 |  4- 6 |  7- 9 || total
---------------------------+-------+-------+-------++-------
  Melee: Mace              |    37 |       |       ||    37
         Flail             |    41 |   237 |    34 ||   312
         Peck              |       |    28 |     8 ||    36
         Punch             |       |     1 |     1 ||     2
         Unarmed           |       |     9 |       ||     9
    Use: Scroll            |       |     5 |     2 ||     7
         Potion            |       |     1 |       ||     1
   Stab: Paralysed         |       |     1 |       ||     1
         Betrayed ally     |       |     1 |       ||     1
 Armour: Leather armour    |    53 |   166 |    85 ||   304
         Skin              |       |     5 |       ||     5
  Dodge: Dodged            |    50 |   221 |    89 ||   360
         Form:             |       |     1 |       ||     1
         Flux              |       |     1 |       ||     1
